 Dungeon Crawl Stone Soup version 0.27.1-34-g3ba077fa99 (webtiles) character file.

Game seed: 15295076290530141685

1645 Karpo the Covert (level 8, -1/38 (40) HPs)
             Began as a Spriggan Enchanter on Jan 26, 2022.
             Was a Follower of Dithmenos.
             Slain by a gnoll (6 damage)
             ... on level 5 of the Dungeon.
             The game lasted 00:19:43 (7904 turns).

Karpo the Covert (Spriggan Enchanter)               Turns: 7904, Time: 00:19:43

HP:   -1/38 (40)    AC:  5    Str:  4    XL:     8   Next: 67%
MP:   13/15         EV: 21    Int: 17    God:    Dithmenos [*.....]
Gold: 135           SH:  0    Dex: 17    Spells: 6/15 levels left

rFire    . . .     SeeInvis +   a - +1 dagger (freeze)
rCold    . . .     Faith    .   (shield restricted)
rNeg     . . .     Spirit   .   b - +0 robe
rPois    .         Reflect  .   (helmet restricted)
rElec    .         Harm     .   C - +2 cloak {Will+}
rCorr    .         Rampage  .   (gloves unavailable)
Will     ++...                  (boots unavailable)
Stlth    ++++......             (no amulet)
HPRegen  0.12/turn              (no ring)
MPRegen  0.14/turn              (no ring)

@: wreathed by umbra, drained, very quick
A: very small, no large weapons, unfitting armour, see invisible, speed 3
a: Renounce Religion


You were on level 5 of the Dungeon.
You worshipped Dithmenos.
Dithmenos was aware of your devotion.
You visited 2 branches of the dungeon, and saw 7 of its levels.
You also visited: Sewer.

You collected 285 gold pieces.
You spent 150 gold pieces at shops.

Inventory:

Hand Weapons
 a - a +1 dagger of freezing (weapon)
 f - a +0 rapier
 p - a +4 quarterstaff of chaos
 u - a +0 short sword
Armour
 b - a +0 robe (worn)
 q - a +1 cloak
 C - a +2 cloak of willpower (worn)
Wands
 n - a wand of paralysis (8)
Scrolls
 c - 4 scrolls of teleportation
 e - 4 scrolls of identify
 g - 2 scrolls of fog
 h - a scroll of enchant armour
 l - a scroll of brand weapon
 o - a scroll of acquirement
 x - a scroll of immolation {unknown}
 y - a scroll of amnesia {unknown}
 z - 2 scrolls of enchant weapon {unknown}
 D - a scroll of noise {unknown}
Potions
 d - 2 potions of degeneration {unknown}
 i - 3 potions of flight {unknown}
 j - a potion of berserk rage
 k - a potion of attraction {unknown}
 m - 4 potions of mutation {unknown}
 r - 2 potions of curing {unknown}
 s - a potion of might
 t - 2 potions of cancellation {unknown}
 v - a potion of magic {unknown}
 w - 5 potions of heal wounds {unknown}
 A - a potion of invisibility {unknown}
 B - a potion of brilliance {unknown}


   Skills:
 - Level 3.0 Fighting
 - Level 5.0 Short Blades
 + Level 7.2 Dodging
 - Level 8.0 Stealth
 - Level 4.0 Spellcasting
 - Level 8.0 Hexes


You had 6 spell levels left.
You knew the following spells:

 Your Spells              Type           Power      Damage    Failure   Level
a - Corona                Hex            33%        N/A       1%          1
b - Ensorcelled Hibernat  Hex/Ice        34%        N/A       4%          2
c - Confusing Touch       Hex            30%        N/A       1%          3
d - Tukima's Dance        Hex            30%        N/A       1%          3

Your spell library contained the following spells:

 Spells                   Type           Power      Damage    Failure   Level
 Slow                     Hex            30%        N/A       1%          2
 Dazzling Flash           Conj/Hex       34%        N/A       9%          3
 Inner Flame              Hex/Fire       17%        N/A       9%          3
 Foxfire                  Conj/Fire      12%        2x1d4     16%         1
 Magic Dart               Conj           12%        1d3       16%         1
 Call Imp                 Summ           3%         N/A       24%         2
 Conjure Flame            Conj/Fire      3%         6-21      43%         3
 Mephitic Cloud           Conj/Pois/Air  3%         N/A       43%         3
 Vampiric Draining        Necr           1%         2d6       43%         3


Dungeon Overview and Level Annotations

Branches:
Dungeon (6/15)             Temple (1/1) D:4           Sewer (visited)

Altars:
Ashenzari
Cheibriados
Dithmenos
Elyvilon
Fedhas
Gozag
Kikubaaqudgha
Makhleb
Nemelex Xobeh
Okawaru
Qazlal
Ru
Sif Muna
Trog
Uskayaw
Vehumet
Wu Jian
Xom
Yredelemnul
Zin
The Shining One

Shops:
D:1 *   D:4 *


Innate Abilities, Weirdness & Mutations

You are very small and have problems with some larger weapons.
You are too small for most types of armour.
You have supernaturally acute eyesight. (SInv)
You cover ground extremely quickly. (Speed+++)


Message History

The necrophage completely misses you.
You hit the necrophage but do no damage.
The necrophage is lightly damaged.
The necrophage closely misses you.
You hit the necrophage but do no damage.
The necrophage is lightly damaged.
The necrophage closely misses you.
You barely miss the necrophage.
The necrophage is lightly damaged.
You barely miss the necrophage.
The necrophage is lightly damaged.
The necrophage barely misses you. The gnoll completely misses you. x2
The necrophage barely misses you. The gnoll completely misses you.
The necrophage barely misses you. The gnoll barely misses you.
You hit the necrophage but do no damage.
The necrophage is lightly damaged.
The necrophage hits you. The gnoll barely misses you.
The gnoll completely misses you.
You hit the necrophage but do no damage.
The necrophage appears confused.
The necrophage is lightly damaged.
You hit the necrophage.
The necrophage is lightly damaged.
The gnoll barely misses you.
The gnoll hits you from afar with a +0 spear.
You barely miss the necrophage.
The necrophage is lightly damaged.
The necrophage hits the gnoll sergeant!
The gnoll completely misses you. The gnoll barely misses you.
You hit the necrophage.
The necrophage is moderately damaged.
The gnoll sergeant hits you from afar with a +5 spear of distortion!
Space warps horribly around you!!
Ouch! That really hurt!
* * * LOW HITPOINT WARNING * * *
The necrophage hits you but does no damage.
The gnoll misses you.
The gnoll hits you from afar with a +0 spear.
You die...

#.#######.#
#.#.#.g......###....
.......##.#
#.#.##....###.#.###.
#.####.##.####.#.###....###.##
#. #.#
#.........#.###.....##.# #.
..#######..........>........#
#.
####.....................####
## #.#####.##...gg#.#...## #.#
#.##..#ng#.##.## # #.#
#.##..#@.#.##.# ####.#
#.##..#..#.##.# .....#
#........#.##g#
#############..##.#.##.# #
#........#....##.#
#.#####.##....##.# #.#
#.##....##.# #.# #.###.#....#
#######.#####.# #.######


You could see a necrophage (confused), a gnoll sergeant and 2 gnolls.

Vanquished Creatures
  4 yaks (D:4)
  Eustachio (D:4)
  Menkaure (D:4)
  A water moccasin (Sewer)
  A black bear (D:4)
  A necrophage (D:5)
  An ogre (D:5)
  A howler monkey (D:5)
  2 hounds
  Crazy Yiuf (D:3)
  2 iguanas
  An orc wizard (D:4)
  A scorpion zombie (D:5)
  6 gnolls
  2 adders
  An ufetubus (D:4)
  An adder skeleton (D:4)
  4 dart slugs
  A worm (D:2)
  10 orcs
  7 endoplasms
  4 giant cockroaches
  8 goblins
  2 hobgoblins
  7 jackals
  4 quokkas
  6 ball pythons
  9 bats
  3 frilled lizards
  11 kobolds
  6 rats
110 creatures vanquished.

Vanquished Creatures (others)
  5 plants
5 creatures vanquished.

Grand Total: 115 creatures vanquished

Notes
Turn   | Place    | Note
-------+----------+-------------------------------------------
     0 | D:1      | Karpo the Spriggan Enchanter began the quest for the Orb.
     0 | D:1      | Reached XP level 1. HP: 9/9 MP: 5/5
   231 | D:1      | Found Xitafoyp's Assorted Antiques.
   265 | D:1      | Reached XP level 2. HP: 13/13 MP: 6/6
   269 | D:1      | Reached skill level 5 in Stealth
   331 | D:1      | Learned a level 2 spell: Ensorcelled Hibernation
   874 | D:1      | Reached XP level 3. HP: 9/16 MP: 8/8
  1017 | D:1      | Learned a level 3 spell: Confusing Touch
  1760 | D:2      | Found a faded altar of an unknown god.
  2803 | D:3      | Reached XP level 4. HP: 14/21 MP: 2/9
  2974 | D:3      | Found a runed translucent door.
  2975 | D:3      | Noticed Crazy Yiuf
  2982 | D:3      | Killed Crazy Yiuf
  3397 | D:4      | Noticed a black bear
  4042 | D:4      | Killed a black bear
  4043 | D:4      | Reached XP level 5. HP: 24/24 MP: 10/10
  4047 | D:4      | Learned a level 3 spell: Tukima's Dance
  4126 | D:4      | Noticed a yak
  4493 | D:4      | Found Yffut's Gadget Gallery.
  4501 | D:4      | Found a staircase to the Ecumenical Temple.
  4516 | Temple   | Entered the Ecumenical Temple
  4570 | Temple   | Became a worshipper of Dithmenos the Shadowed
  4768 | D:4      | Noticed Menkaure
  4789 | D:4      | Killed Menkaure
  4790 | D:4      | Reached skill level 5 in Short Blades
  4790 | D:4      | Reached XP level 6. HP: 23/28 MP: 8/11
  4919 | D:4      | Noticed a yak
  4919 | D:4      | Noticed a yak
  4919 | D:4      | Noticed a yak
  4931 | D:4      | Killed a yak
  4932 | D:4      | Reached skill level 5 in Hexes
  4932 | D:4      | Reached XP level 7. HP: 17/32 MP: 5/14
  5691 | D:5      | Entered Level 5 of the Dungeon
  5783 | D:5      | Identified a scroll of acquirement
  6499 | D:5      | Found a glowing drain.
  6514 | Sewer    | Entered a sewer
  7068 | D:4      | Reached skill level 1 in Fighting
  7068 | D:4      | Reached XP level 8. HP: 36/37 MP: 8/15
  7244 | D:4      | Reached skill level 5 in Dodging
  7404 | D:4      | Noticed Eustachio
  7430 | D:4      | Killed Eustachio
  7560 | D:4      | Reached * piety under Dithmenos
  7757 | D:1      | Bought a runed cloak for 150 gold pieces
  7904 | D:5      | Slain by a gnoll

Illustrated notes

Levels and vault maps discovered:
D:1:      minmay_arrival_plants_in_alcoves, layout_loops_ring, serial_shops,
          nicolae_shop_trees
D:2:      layout_rooms, hellmonk_ecumenical_altar_pennies_from_heaven,
          serial_bayou_ford_a, serial_bayou_pond_a, minmay_pentomino_pile
D:3:      layout_basic, serial_bayou_pond_c, uniq_crazy_yiuf_cottage
D:4:      minmay_chambers_of_twos, layout_basic, minmay_temple_entry_glass,
          supply_closet_lemuel, nicolae_shop_gadgets, uniq_eustachio,
          uniq_menkaure
D:5:      minmay_opposing_rooms, layout_loops_ring, portal_sewer_entry_f
D:6:      layout_basic, worldfamousw_hep_ancestral_shrine, uniq_edmund
Temple:   kilobyte_greek_temple

Skill      XL: |  1  2  3  4  5  6  7  8 |
---------------+-------------------------+-----
Stealth        | 5 6 7 8 |  8.0
Short Blades   | 2 3 4 5 |  5.0
Spellcasting   | 3 4 |  4.0
Hexes          | 4 5 8 |  8.0
Dodging        | 3 7 |  7.2
Fighting       | 1 3 |  3.0

Action                   |  1- 3 |  4- 6 |  7- 9 || total
-------------------------+-------+-------+-------++-------
Melee: Dagger            |   169 |    99 |   161 ||   429
 Cast: Ensorcelled Hiber |    13 |     5 |    43 ||    61
       Confusing Touch   |       |     2 |     1 ||     3
  Use: Scroll            |       |       |     7 ||     7
 Stab: Sleeping          |    18 |     8 |    25 ||    51
       Confused          |       |     1 |       ||     1
       Distracted        |       |       |     1 ||     1
Armor: Robe              |    16 |     6 |    31 ||    53
Dodge: Dodged            |   126 |    60 |   138 ||   324
